 Dungeon Crawl Stone Soup version 0.23.2-11-gf996548 (webtiles) character file.

Game seed: 11569861220231448734

742 Fang the Skirmisher (level 7, -8/66 HPs)
             Began as a Gargoyle Berserker on June 5, 2019.
             Was a Priest of Trog.
             Mangled by Sigmund
             ... wielding a +2 scythe of distortion
              (21 damage)
             ... on level 6 of the Dungeon.
             The game lasted 00:06:06 (4522 turns).

Fang the Skirmisher (Gargoyle Berserker)            Turns: 4522, Time: 00:06:07

Health: -8/66      AC: 14    Str: 27    XL:     7   Next: 76%
Magic:  16/16      EV:  8    Int:  8    God:    Trog [***...]
Gold:   284        SH:  0    Dex:  9    Spells: 6/6 levels left

rFire    . . .     SeeInvis .   a - +0 war axe
rCold    . . .     Gourm    .   (no shield)
rNeg     + . .     Faith    .   b - +0 plate armour
rPois    ∞         Spirit   .   (no helmet)
rElec    +         Reflect  .   (no cloak)
rCorr    .         Harm     .   (no gloves)
MR       .....                  (no boots)
Stlth    ..........             n - amulet of the acrobat
HPRegen  0.21/turn              i - -3 ring of protection (curse)
MPRegen  0.15/turn              w - ring of magical power

@: berserking, very quick
A: negative energy resistance 1, electricity resistance, unbreathing,
petrification resistance, rot immunity, AC +4
a: Berserk, Trog's Hand, Renounce Religion


You were on level 6 of the Dungeon.
You worshipped Trog.
Trog was most pleased with you.
You were hungry.

You visited 2 branches of the dungeon, and saw 7 of its levels.

You collected 284 gold pieces.

Inventory:

Hand Weapons
 a - a +0 war axe (weapon)
Armour
 b - a +0 plate armour (worn)
Jewellery
 i - a cursed -3 ring of protection (left hand)
 n - an amulet of the acrobat (around neck)
 w - a ring of magical power (right hand)
Wands
 z - a wand of digging (3)
Scrolls
 e - 4 scrolls of remove curse {unknown}
 g - 9 scrolls of identify {unknown}
 h - 3 scrolls of magic mapping {unknown}
 k - a scroll of fear {unknown}
 o - a scroll of random uselessness {unknown}
 r - 2 scrolls of teleportation {unknown}
 s - a scroll of immolation {unknown}
 t - 2 scrolls of enchant weapon {unknown}
 v - a scroll of blinking {unknown}
 y - 2 scrolls of amnesia {unknown}
Potions
 d - 2 potions of resistance {unknown}
 f - 3 potions of invisibility {unknown}
 j - 2 potions of curing {unknown}
 l - a potion of haste {unknown}
 m - a potion of degeneration {unknown}
 p - a potion of might {unknown}
 q - a potion of flight {unknown}
 u - 2 potions of heal wounds {unknown}
Comestibles
 c - 14 rations
 x - a chunk of flesh


   Skills:
 + Level 5.6 Fighting
 + Level 4.6 Axes
 + Level 5.0 Armour
 + Level 3.7 Dodging


You had 6 spell levels left.
You didn't know any spells.
Your spell library was empty.

Dungeon Overview and Level Annotations

Branches:
Dungeon (6/15)             Temple (1/1) D:5

Altars:
Dithmenos
Hepliaklqana
Qazlal
Trog

Shops:
D:4 :   D:5 (:!(!

Annotations:
D:6 Sigmund


Innate Abilities, Weirdness & Mutations

You are resistant to torment.
Your stone body is resilient. (AC +4)
You are immune to poison.
You resist negative energy. (rN+)
You are resistant to electric shocks. (rElec)
You can survive without breathing.
You are immune to petrification.
You are immune to rotting.


Message History

You are too injured to fight recklessly!
You are too injured to fight recklessly!
You are too injured to fight recklessly!
You are too injured to fight recklessly!
You are too injured to fight recklessly!
You are too injured to fight recklessly!
You are too injured to fight recklessly!
You are too injured to fight recklessly!
You are too injured to fight recklessly!
You are too injured to fight recklessly!
You are too injured to fight recklessly!
You are too injured to fight recklessly!
You are too injured to fight recklessly!
A red film seems to cover your vision as you go berserk!
You feel yourself moving faster!
You feel mighty!
You are feeling hungry.
Sigmund hits you with a +2 scythe of distortion.
* * * LOW HITPOINT WARNING * * *
Space warps horribly around you!!
You die...

.. .# .# .#
##. .#
....#######.##
#...........#
#....@@.#
#.#####......
#.# ##### #.#
#.# #.#
####### #.#
).....# #.#
#####.# #.#


You could see Sigmund.

Vanquished Creatures
  2 ogres
  Blork the orc (D:6)
  2 scorpions
  2 crimson imps (D:5)
  2 hounds (D:5)
  An orc wizard (D:5)
  A bullfrog skeleton (D:4)
  2 worker ants (D:4)
  A howler monkey zombie (D:5)
  7 adders
  3 oozes
  3 worms
  3 dart slugs
  A leopard gecko (D:1)
  13 orcs
  3 giant cockroaches
  5 goblins
  3 hobgoblins
  4 jackals (D:3)
  4 quokkas
  7 bats
  8 frilled lizards
  A giant cockroach zombie (D:5)
  6 kobolds
  A quokka skeleton (D:4)
  8 rats
94 creatures vanquished.

Notes
Turn   | Place    | Note
-------+----------+-------------------------------------------
     0 | D:1      | Fang the Gargoyle Berserker began the quest for the Orb.
     0 | D:1      | Reached XP level 1. HP: 14/14 MP: 1/1
    58 | D:1      | Reached XP level 2. HP: 14/19 MP: 2/2
   802 | D:1      | Reached ** piety under Trog
   802 | D:1      | Reached XP level 3. HP: 23/23 MP: 3/3
  1934 | D:2      | Reached XP level 4. HP: 29/29 MP: 4/4
  2691 | D:4      | Found Moudaxtu's Book Emporium.
  2693 | D:4      | Noticed an ogre
  2700 | D:4      | Killed an ogre
  2700 | D:4      | Reached XP level 5. HP: 34/34 MP: 5/5
  2967 | D:4      | Reached XP level 6. HP: 29/39 MP: 6/6
  3232 | D:4      | Reached *** piety under Trog
  3317 | D:5      | Entered Level 5 of the Dungeon
  3380 | D:5      | Found Cinuach's Weapon Shoppe.
  3417 | D:5      | Reached skill level 5 in Fighting
  3417 | D:5      | Reached XP level 7. HP: 22/44 MP: 7/7
  3601 | D:5      | Found Happ's Distillery.
  3805 | D:5      | Found a stormy altar of Qazlal.
  3862 | D:5      | Found Disoatoj's Book Boutique.
  3880 | D:5      | Found Guifal's Antique Weapon Boutique.
  3964 | D:5      | Found a staircase to the Ecumenical Temple.
  3978 | Temple   | Entered the Ecumenical Temple
  4061 | D:5      | Found Liewker's Distillery.
  4440 | D:6      | Noticed Blork the orc
  4450 | D:6      | Killed Blork the orc
  4450 | D:6      | Reached skill level 5 in Armour
  4513 | D:6      | Noticed Sigmund
  4522 | D:6      | Mangled by Sigmund

Skill      XL: |  1  2  3  4  5  6  7 |
---------------+----------------------+-----
Axes           | 3 4 |  4.6
Dodging        | 2 3 |  3.7
Armour         | 3 4 5 |  5.0
Fighting       | 4 5 |  5.6

Action                   |  1- 3 |  4- 6 |  7- 9 || total
-------------------------+-------+-------+-------++-------
Melee: Hand axe          |   147 |     8 |       ||   155
       War axe           |       |   135 |    72 ||   207
Invok: Berserk           |     2 |     3 |     3 ||     8
 Stab: Sleeping          |     1 |       |       ||     1
  Eat: Chunk             |     5 |     8 |     5 ||    18
Armor: Animal skin       |    51 |     9 |       ||    60
       Plate armour      |       |    93 |    44 ||   137
Dodge: Dodged            |   112 |    95 |    31 ||   238
